 Dungeon Crawl Stone Soup version 0.30-a0-4-ga7cffc901d (webtiles) character file.

Game seed: 3133299754387553065

56 Setbun the Cutter (level 4, 0/26 HPs)
             Began as a Kobold Brigand on Aug 21, 2022.
             Slain by a gnoll
             ... wielding a +0 spear
              (6 damage)
             ... on level 2 of the Dungeon.
             The game lasted 00:01:09 (1316 turns).

Setbun the Cutter (Kobold Brigand)                  Turns: 1316, Time: 00:01:10

Health: 0/26       AC:  4    Str:  8    XL:     4   Next: 17%
Magic:  4/4        EV: 14    Int: 12    God:
Gold:   81         SH:  0    Dex: 18    Spells: 3/3 levels left

rFire   . . .      SeeInvis +    a - +2 dagger
rCold   . . .      Faith    .    (no shield)
rNeg    . . .      Spirit   .    b - +0 robe
rPois   .          Reflect  .    h - +0 helmet
rElec   .          Harm     .    c - +0 cloak
rCorr   .          Rampage  .    (no gloves)
Will    .....                    (no boots)
Stlth   ++++......               (no amulet)
HPRegen 0.08/turn                o - ring of see invisible
MPRegen 0.09/turn                (no ring)

@: hasted, very quick
A: small, no large weapons, nightstalker 3
a: no special abilities


You were on level 2 of the Dungeon.
You visited 1 branch of the dungeon, and saw 2 of its levels.

You collected 81 gold pieces.

Inventory:

Hand Weapons
 a - a +2 dagger (weapon)
Missiles
 d - 13 poisoned darts (quivered)
 e - 3 curare-tipped darts
Armour
 b - a +0 robe (worn)
 c - a +0 cloak (worn)
 h - a +0 helmet (worn)
Jewellery
 o - a ring of see invisible (left hand)
Scrolls
 f - 2 scrolls of identify {unknown}
 i - 3 scrolls of silence {unknown}
 j - a scroll of poison {unknown}
 n - a scroll of vulnerability {unknown}
Potions
 k - 2 potions of ambrosia {unknown}
 l - a potion of curing {unknown}
 m - 2 potions of mutation {unknown}
 p - 2 potions of heal wounds {unknown}
 q - a potion of experience {unknown}
 r - 2 potions of invisibility {unknown}
 s - a potion of attraction {unknown}


   Skills:
 - Level 2.1 Fighting
 + Level 5.5 Short Blades
 - Level 2.1 Throwing
 - Level 1.2 Dodging
 - Level 5.3 Stealth


You had 3 spell levels left.
You didn't know any spells.
Your spell library was empty.

Dungeon Overview and Level Annotations

Branches:
Dungeon (2/15)

Altars:


Innate Abilities, Weirdness & Mutations

You are small and have problems with some larger weapons.
You are completely attuned to the shadows.


Message History

The gnoll barely misses you.
The gnoll shouts! x2
You hit the gnoll.
The gnoll is lightly wounded.
You hit the gnoll.
The gnoll is lightly wounded.
The gnoll hits you but does no damage.
The gnoll hits you from afar with a +0 spear.
You hit the gnoll.
The gnoll is moderately wounded.
You barely miss the gnoll.
The gnoll is moderately wounded.
The gnoll hits you with a +0 spear. The gnoll barely misses you.
The gnoll misses you.
You barely miss the gnoll.
The gnoll is moderately wounded.
The gnoll hits you from afar with a +0 spear!
The gnoll barely misses you. The gnoll misses you.
You hit the gnoll.
The gnoll is heavily wounded.
The gnoll hits you with a +0 spear.
The gnoll hits you from afar with a +0 spear.
The gnoll closely misses you.
You are too injured to fight recklessly!
You are too injured to fight recklessly!
You are too injured to fight recklessly!
You are too injured to fight recklessly!
You are too injured to fight recklessly!
You are too injured to fight recklessly!
You are too injured to fight recklessly!
You are too injured to fight recklessly!
You are too injured to fight recklessly!
The gnoll attacks as you move away! The gnoll hits you with a +0 flail.
The gnoll closely misses you. The gnoll misses you.
It was a potion of haste.
You feel yourself speed up. The gnoll hits you with a +0 flail.
* * * LOW HITPOINT WARNING * * *
The gnoll hits you from afar with a +0 spear.
You die...

#.# ####†#.# #.#
##....#.# #.#
........# ##..####.#
##.# ........# #..##
#.. #..# ..!.....#
#..# ##.. #.##
........# ##.####...
####†### ....gg..#
#.##...#. .......#
####g#### #..#.###.
.......# #@## ##...#
#. .......#### #..#
##..# #. ..........#
##.# #..# #.
.......##.######.#
#..# #<
......##.....##.####
###..# ##
#.#########..#....#
##...## #
##....#.###..#.#
####.......##.# ##
###.....##.# #.


You could see 3 gnolls.

Vanquished Creatures
  An adder (D:2)
  A dart slug (D:2)
  4 bats
  An endoplasm (D:2)
  4 giant cockroaches
  5 goblins
  5 hobgoblins
  6 jackals
  3 quokkas
  3 ball pythons
  3 frilled lizards
  2 kobolds
  A rat (D:2)
39 creatures vanquished.

Notes
Turn   | Place    | Note
-------+----------+-------------------------------------------
     0 | D:1      | Setbun the Kobold Brigand began the quest for the Orb.
     0 | D:1      | Reached XP level 1. HP: 12/12 MP: 1/1
    50 | D:1      | Reached XP level 2. HP: 17/17 MP: 2/2
   616 | D:1      | Reached XP level 3. HP: 20/21 MP: 3/3
   749 | D:1      | Found a faded altar of an unknown god.
   965 | D:2      | Reached skill level 5 in Short Blades
  1245 | D:2      | Reached XP level 4. HP: 26/26 MP: 4/4
  1316 | D:2      | Slain by a gnoll

Illustrated notes

Levels and vault maps discovered:
D:1:      matt_arrival_los_fun, layout_rooms,
          dreamdust_ecumenical_altar_angels_and_demons
D:2:      layout_rooms

Skill      XL: |  1  2  3 |
---------------+----------+-----
Short Blades   | 3 4 5 |  5.5
Fighting       | |  2.1
Throwing       | |  2.1
Dodging        | |  1.2
Stealth        | |  5.3

Action                   |  1- 3 |  4- 6 || total
-------------------------+-------+-------++-------
Melee: Dagger            |    80 |     7 ||    87
  Use: Potion            |       |     1 ||     1
 Stab: Sleeping          |    21 |     1 ||    22
Armor: Robe              |    16 |     1 ||    17
Dodge: Dodged            |    66 |     9 ||    75

Table legend: (Time is in decaauts)
 A = Elapsed time spent in this place.
 B = Non-inter-level travel time spent in this place.
 C = Inter-level travel time spent in this place.
 D = Time resting spent in this place.
 E = Time spent auto-exploring this place.
 F = Levels seen in this place.
 G = Mean time per level.
                   A        B        C        D        E       F      G
               +--------+--------+--------+--------+--------+-----+--------+
         Total |   1296 |   1263 |     33 |    228 |    795 |   2 |  648.0 |
       Dungeon |   1296 |   1263 |     33 |    228 |    795 |   2 |  648.0 |
               +--------+--------+--------+--------+--------+-----+--------+

Top non-repeatable levels by time:
     D:1: 841 daAuts
     D:2: 454 daAuts
